 Dungeon Crawl Stone Soup version 0.30.1-11-g7821555f0a (webtiles) character file.

Game seed: 16766259113134722053

196 Viktor5750 the Covered (level 5, -2/33 HPs)
             Began as a Gargoyle Fighter on Nov 27, 2023.
             Slain by an iguana (11 damage)
             ... on level 3 of the Dungeon.
             The game lasted 00:16:53 (2257 turns).

Viktor5750 the Covered (Gargoyle Fighter)           Turns: 2257, Time: 00:16:54

Health: -2/33      AC: 18    Str: 20    XL:     5   Next: 75%
Magic:  5/5        EV:  5    Int: 13    God:
Gold:   102        SH:  4    Dex:  8    Spells: 4/4 levels left

rFire   . . .        a - +0 long sword
rCold   . . .        c - +0 buckler
rNeg    + + .        l - +0 plate armour
rPois   ∞            (no helmet)
rElec   +            (no cloak)
rCorr   .            (no gloves)
SInv    .            (no boots)
Will    .....        q - macabre finger necklace {Finger+ rN+} Stlth
                     j - ring of wizardry
HPRegen 0.25/turn    (no ring)
MPRegen 0.09/turn    (no ring)

%: wizardry (x1)
@: no status effects
A: sickness immunity, AC +4, negative energy resistance 1, electricity
resistance, torment resistance 1, petrification resistance, iridescent scales 1,
clever 1
a: no special abilities


You were on level 3 of the Dungeon.
You visited 1 branch of the dungeon, and saw 3 of its levels.

You collected 542 gold pieces.
You spent 440 gold pieces at shops.

Inventory:

Hand Weapons
 a - a +0 long sword (weapon)
 h - a +2 dagger of protection
Missiles
 g - 53 stones (quivered)
 p - 3 poisoned darts
Armour
 c - a +0 buckler (worn)
 l - a +0 plate armour (worn)
Jewellery
 j - a ring of wizardry (left hand)
 q - the macabre finger necklace (around neck) {Finger+ rN+}
   (You bought it in a shop on level 3 of the Dungeon)

   [amulet of nothing]

   Finger+:   It enables you to equip an extra ring.
   rN:        It protects you from negative energy.
Wands
 b - a wand of roots (7)
Scrolls
 e - a scroll of immolation {unknown}
 n - a scroll of amnesia {unknown}
 o - a scroll of teleportation
 r - a scroll of blinking {unknown}
Potions
 d - 2 potions of might
 f - a potion of magic
 i - a potion of haste
 k - 2 potions of attraction {unknown}
 m - a potion of heal wounds


   Skills:
 + Level 3.9 Fighting
 + Level 3.7 Long Blades
 + Level 4.5 Armour
 + Level 0.7 Dodging
 + Level 3.7 Shields


You had 4 spell levels left.
You didn't know any spells.
Your spell library contained the following spells:

 Spells                   Type           Power      Damage    Failure   Level
 Scorch                   Fire           0%         2d5       99%         2
 Flame Wave               Conj/Fire      0%         2d4       100%        4
 Leda's Liquefaction      Hex/Erth       0%         N/A       100%        4
 Lee's Rapid Deconstruct  Erth           0%         3d4*      100%        5
 Summon Forest            Summ/Tloc      0%         N/A       100%        5
 Eringya's Noxious Bog    Tmut/Pois      0%         N/A       100%        6
 Summon Cactus Giant      Summ           0%         N/A       100%        6
 Summon Hydra             Summ           0%         N/A       100%        7
 Statue Form              Tmut/Erth      Unusable   N/A       N/A         6

Dungeon Overview and Level Annotations

Branches:
Dungeon (3/15)

Altars:

Shops:
D:2 !   D:3 =


Innate Abilities, Weirdness & Mutations

You are immune to sickness and miasma.
Your stone body is resilient. (AC +4)
You are immune to poison.
You resist negative energy. (rN+)
You are resistant to electric shocks. (rElec)
You are resistant to unholy torment.
You are immune to petrification.
You are partially covered in iridescent scales. (AC +2)
Your mind is acute. (Int +4, Str/Dex -1)


Message History

The iguana bites you! The scorpion barely misses you.
You closely miss the iguana.
The iguana is lightly wounded.
The scorpion stings you but does no damage.
The iguana bites you.
The scorpion stings you but does no damage.
You hit the iguana.
The iguana is moderately wounded.
The iguana bites you but does no damage.
The scorpion stings you but does no damage.
The iguana bites you but does no damage.
You hit the iguana but do no damage.
The iguana is moderately wounded.
The scorpion barely misses you. You block the iguana's attack.
The scorpion stings you but does no damage.
You barely miss the iguana.
The iguana is moderately wounded.
The iguana bites you! The scorpion barely misses you.
You completely miss the iguana.
The iguana is lightly wounded.
The scorpion stings you but does no damage.
The iguana barely misses you. The scorpion barely misses you.
You hit the iguana.
The iguana is heavily wounded.
You block the iguana's attack.
The scorpion stings you but does no damage.
The iguana bites you.
* * * LOW HITPOINT WARNING * * *
You hit the iguana.
The iguana is heavily wounded.
The scorpion stings you but does no damage.
The iguana bites you but does no damage.
The scorpion stings you but does no damage.
You barely miss the iguana.
The iguana is heavily wounded.
You block the iguana's attack. You block the scorpion's attack.
You hit the iguana.
The iguana is severely wounded.
The scorpion closely misses you. The iguana bites you!
You die...

#. #####. ##### #.....
#########.[.#######†....
#................†..####
.####........#####.#
#...........# #.#
#.##..#...#.# #.# #
#..@l.###.# #.#
#...!...s.....# #.#
###.......(.... #.####
###.......... #.....
#...........###.....
###.#...............
#.#.......####....
.?....... #.... ###.#


You could see a scorpion and an iguana.

Vanquished Creatures
  A howler monkey (D:2)
  Jessica (D:2)
  Natasha (D:3)
  Robin (D:3)
  3 adders
  A gnoll (D:1)
  7 endoplasms
  3 giant cockroaches (D:1)
  16 goblins
  4 hobgoblins
  2 quokkas
  7 ball pythons
  3 bats
  5 kobolds
  6 rats
61 creatures vanquished.

Notes
Turn   | Place    | Note
-------+----------+-------------------------------------------
     0 | D:1      | Viktor5750 the Gargoyle Fighter began the quest for the
                  | Orb.
     0 | D:1      | Reached XP level 1. HP: 14/14 MP: 1/1
   238 | D:1      | Reached XP level 2. HP: 17/19 MP: 2/2
   753 | D:1      | Reached XP level 3. HP: 16/23 MP: 3/3
  1108 | D:2      | Identified a scroll of acquirement
  1108 | D:2      | Acquired 415 gold pieces
  1299 | D:2      | Found a faded altar of an unknown god.
  1378 | D:2      | Reached skill level 4 in Armour
  1378 | D:2      | Reached XP level 4. HP: 29/29 MP: 4/4
  1452 | D:2      | Noticed Jessica
  1453 | D:2      | Found Enounae's Distillery.
  1485 | D:2      | Killed Jessica
  1486 | D:2      | Reached XP level 5. HP: 12/33 MP: 5/5
  1944 | D:3      | Found Dejitarodgh's Jewellery Shoppe.
  1944 | D:3      | Noticed Robin
  1947 | D:3      | Noticed Natasha
  1972 | D:3      | Gained mutation: Your mind is acute. (Int +4, Str/Dex -1)
                  | [potion of mutation]
  1972 | D:3      | Gained mutation: You are partially covered in iridescent
                  | scales. (AC +2) [potion of mutation]
  1973 | D:3      | Killed Natasha
  2069 | D:3      | Killed Robin
  2174 | D:3      | Bought the macabre finger necklace {Finger+ rN+} for 440
                  | gold pieces
  2174 | D:3      | Found the macabre finger necklace {Finger+ rN+}
  2257 | D:3      | Slain by an iguana

Illustrated notes

Levels and vault maps discovered:
D:1:      wheals_arrival_linesprint, layout_basic, minmay_shallow_snake_nest
D:2:      layout_rooms, serial_shops, shop, serial_glass, glass_columns_a,
          glass_columns_c, ebering_ecumenical_altar_rust, uniq_jessica
D:3:      layout_loops_cross, nicolae_hepliaklqana_hippocampus, serial_shops,
          shop, uniq_robin, uniq_natasha

Skill      XL: |  1  2  3  4 |
---------------+-------------+-----
Long Blades    | 2 3 |  3.7
Armour         | 4 |  4.5
Fighting       | |  3.9
Dodging        | |  0.7
Shields        | |  3.7

Action                     |  1- 3 |  4- 6 || total
---------------------------+-------+-------++-------
  Melee: Long sword        |   145 |   126 ||   271
  Throw: Stone             |     3 |       ||     3
    Use: Scroll            |     3 |       ||     3
         Potion            |     1 |     4 ||     5
 Armour: Scale mail        |    80 |       ||    80
         Plate armour      |    38 |   206 ||   244
  Dodge: Dodged            |    79 |    69 ||   148
  Block: Buckler           |    36 |    38 ||    74
